 Dungeon Crawl Stone Soup version 0.24.1-4-ge52af88ad5 (webtiles) character file.

Game seed: 975697446187598004, levelgen mode: deterministic

30 nightchill the Caller (level 3, -13/25 HPs)
             Began as a Gnoll Summoner on Apr 15, 2020.
             Mangled by a crocodile (14 damage)
             ... in a sewer.
             The game lasted 00:04:38 (1884 turns).

nightchill the Caller (Gnoll Summoner)              Turns: 1884, Time: 00:04:38

Health: -13/25     AC:  2    Str: 11    XL:     3   Next: 18%
Magic:  3/9        EV: 14    Int: 17    God:
Gold:   72         SH:  0    Dex: 15    Spells: 9/12 levels left

rFire    . . .     SeeInvis .   b - +0 club
rCold    . . .     Gourm    .   (no shield)
rNeg     . . .     Faith    .   a - +0 robe
rPois    .         Spirit   .   (no helmet)
rElec    .         Reflect  .   (no cloak)
rCorr    .         Harm     .   (no gloves)
MR       .....                  (no boots)
Stlth    +++.......             (no amulet)
HPRegen  0.08/turn              (no ring)
MPRegen  0.11/turn              (no ring)

@: no status effects
A: distributed training, fangs 1, strong nose
a: no special abilities


You were in a sewer.
You were not hungry.

You visited 1 branch of the dungeon, and saw 3 of its levels.
You also visited: Sewer.

You collected 72 gold pieces.

Inventory:

Hand Weapons
 b - a +0 club (weapon)
 h - a +0 spear
 n - a +0 hunting sling
Missiles
 e - 65 stones (quivered)
 l - 9 sling bullets
Armour
 a - a +0 robe (worn)
Jewellery
 d - a cursed ring of poison resistance {unknown}
 f - a +3 ring of dexterity {unknown}
 g - a +3 amulet of reflection {unknown}
 o - an uncursed amulet of faith {unknown}
Scrolls
 i - a scroll of enchant weapon {unknown}
 m - a scroll of enchant armour {unknown}
 p - a scroll of remove curse {unknown}
 q - a scroll of noise {unknown}
 r - 2 scrolls of fear {unknown}
 s - 3 scrolls of random uselessness {unknown}
Potions
 j - 5 potions of flight {unknown}
 k - a potion of heal wounds {unknown}
Comestibles
 c - 3 rations


   Skills:
 + Level 0.6 Fighting
 + Level 0.6 Short Blades
 + Level 0.6 Long Blades
 + Level 0.6 Axes
 + Level 0.6 Maces & Flails
 + Level 0.6 Polearms
 + Level 0.6 Staves
 + Level 0.6 Slings
 + Level 0.6 Bows
 + Level 0.6 Crossbows
 + Level 0.6 Throwing
 + Level 0.6 Armour
 + Level 4.5 Dodging
 + Level 4.1 Stealth
 + Level 0.6 Shields
 + Level 0.6 Unarmed Combat
 + Level 5.0 Spellcasting
 + Level 0.4 Conjurations
 + Level 0.4 Hexes
 + Level 0.4 Charms
 + Level 7.1 Summonings
 + Level 0.4 Necromancy
 + Level 0.4 Translocations
 + Level 0.4 Transmutations
 + Level 0.4 Fire Magic
 + Level 0.4 Ice Magic
 + Level 0.4 Air Magic
 + Level 0.4 Earth Magic
 + Level 0.4 Poison Magic
 + Level 0.8 Invocations
 + Level 0.6 Evocations


You had 9 spell levels left.
You knew the following spells:

 Your Spells              Type           Power        Failure   Level  Hunger
a - Summon Small Mammal   Summ           ####         1%          1    None
b - Call Imp              Summ           ####....     1%          2    #......

Your spell library contained the following spells:

 Spells                   Type           Power        Failure   Level  Hunger
 Call Canine Familiar     Summ           ####....     2%          3    ###....
 Summon Guardian Golem    Hex/Summ       ###.....     9%          3    ###....
 Summon Ice Beast         Ice/Summ       ###.....     30%         4    ####...
 Summon Lightning Spire   Summ/Air       ###.....     30%         4    ####...


Dungeon Overview and Level Annotations

Branches:
Dungeon (2/15)              Sewer (1/1)

Altars:


Innate Abilities, Weirdness & Mutations

Your experience applies equally to all skills.
You have very sharp teeth.
Your uncanny sense of smell can sniff out nearby items.


Message History

You enter the shallow water.
Moving in this stuff is going to be slow.
The crocodile barely misses you. The crocodile barely misses you.
You enter the shallow water.
Moving in this stuff is going to be slow.
The crocodile bites you.
* * * LOW HITPOINT WARNING * * *
Your white imp gestures at the crocodile.
The puff of frost hits the crocodile.
Your crimson imp blinks!
Your white imp barely misses the crocodile.
The crocodile closely misses your white imp.
Casting: Call Imp (safe; 1% risk of failure)
Confirm with . or Enter, or press ? or * to list all spells.
A beastly little devil appears in a puff of flame.
Your crimson imp blinks!
The crocodile bites you!
Ouch! That really hurt!
You die...

##..≈## #.≈.#
##5## #.#
####.####
#####..≈≈...####
#≈≈≈≈≈≈≈≈5≈≈≈≈≈#
#####..)5t..####
#######.†#@.###
#...#....#..5.#
#........#.∩∩.#
#####....#....#
###########


You could see a crocodile, 3 friendly crimson imps and a friendly white imp.

Vanquished Creatures
  A giant cockroach (D:2)
  2 goblins
  2 rats (D:1)
5 creatures vanquished.

Vanquished Creatures (collateral kills)
  A worm (D:2)
  2 giant cockroaches (D:3)
  2 goblins (D:2)
  5 hobgoblins
  4 jackals
  A quokka (D:2)
  3 bats (D:2)
  A frilled lizard (D:1)
  10 kobolds
  3 rats
32 creatures vanquished.

Grand Total: 37 creatures vanquished

Notes
Turn   | Place    | Note
-------+----------+-------------------------------------------
     0 | D:1      | nightchill the Gnoll Summoner began the quest for the Orb.
     0 | D:1      | Reached XP level 1. HP: 13/13 MP: 6/6
   501 | D:1      | Reached XP level 2. HP: 19/19 MP: 7/7
   507 | D:1      | Learned a level 2 spell: Call Imp
  1575 | D:2      | Reached XP level 3. HP: 25/25 MP: 2/9
  1665 | D:2      | You fall into a shaft and drop 1 floor!
  1681 | D:3      | Found a glowing drain.
  1706 | D:3      | Reached skill level 5 in Spellcasting
  1734 | Sewer    | Entered a sewer
  1857 | Sewer    | Noticed a crocodile
  1880 | Sewer    | HP: 1/25 [crocodile (5)]
  1884 | Sewer    | Mangled by a crocodile

Levels and vault maps discovered:
D:1:      lemuel_arrival_room, layout_basic
D:2:      layout_rooms, marbit_many_paths, grunt_gozag_breadcrumbs, first_ration
D:3:      layout_loops_ring, kennysheep_slug_shrine,
          gammafunk_temple_overflow_claw, cheibrodos_sewer_entry_drain,
          chequers_big_river
Sewer:    sewer_the_crocodile

Skill      XL: |  1  2  3 |
---------------+----------+-----
Spellcasting   | 5 |  5.0
Fighting       | |  0.6
Short Blades   | |  0.6
Long Blades    | |  0.6
Axes           | |  0.6
Maces & Flails | |  0.6
Polearms       | |  0.6
Staves         | |  0.6
Slings         | |  0.6
Bows           | |  0.6
Crossbows      | |  0.6
Throwing       | |  0.6
Armour         | |  0.6
Dodging        | |  4.5
Stealth        | |  4.1
Shields        | |  0.6
Unarmed Combat | |  0.6
Conjurations   | |  0.4
Hexes          | |  0.4
Charms         | |  0.4
Summonings     | |  7.1
Necromancy     | |  0.4
Translocations | |  0.4
Transmutations | |  0.4
Fire Magic     | |  0.4
Ice Magic      | |  0.4
Air Magic      | |  0.4
Earth Magic    | |  0.4
Poison Magic   | |  0.4
Invocations    | |  0.8
Evocations     | |  0.6

Action                   || total
-------------------------++-------
Melee: Club              ||    37
       Unarmed           ||     3
       Bite              ||     5
 Cast: Summon Small Mamm ||    13
       Call Imp          ||    29
 Stab: Sleeping          ||     1
  Eat: Chunk             ||     3
Armor: Robe              ||    10
Dodge: Dodged            ||    58
